 Dungeon Sprint DCSS version 0.17-a0-1805-g6093636 (webtiles) character file.

1858 pipel the Nimble (level 9, -4/72 HPs)
             Began as a Merfolk Transmuter on Sept 12, 2015.
             Was a High Priest of Sif Muna.
             Slain by a minotaur
             ... wielding a +2 dire flail of venom
              (24 damage)
             ... in the Dungeon (Sprint VII: "The Pits").
             The game lasted 00:11:20 (1833 turns).

pipel the Nimble (Merfolk Transmuter)               Turns: 1833, Time: 00:11:20

Health: -4/72      AC: 11    Str: 10    XL:     9   Next: 13%
Magic:  11/20      EV: 17    Int: 14    God:    Sif Muna [*****.]
Gold:   0          SH:  0    Dex: 16    Spells: 5 memorised, 7 levels left

rFire  . . .     SeeInvis .       - Unarmed
rCold  . . .     Clarity  .     z - +5 ring mail
rNeg   . . .     SustAt   .     (shield currently unavailable)
rPois  .         Gourm    .     y - +0 helmet
rElec  .         Spirit   .     (no cloak)
rCorr  .         Warding  .     (gloves currently unavailable)
rMut   .         NoTele   +     (no boots)
MR     .....                    (no amulet)
Stlth  ++........               (no ring)
                                (no ring)

@: lethally poisoned (-4 -> -13), blade hands, very slightly contaminated, not
resistant to hostile enchantments, unstealthy
A: change form in water, swift swim
a: End Transformation, Channel Energy, Forget Spell, Renounce Religion


You were in the Dungeon.
You worshipped Sif Muna.
Sif Muna was extremely pleased with you.
You were not hungry.
You had blades for hands.
You visited 1 branch

Inventory:

Missiles
 a - 11 arrows
 n - 10 stones (quivered)
Armour
 o - a +0 robe
 x - a +0 pair of gloves (melded)
 y - a +0 helmet (worn)
 z - a +5 ring mail (worn)
Magical staves
 b - an uncursed staff of energy (melded)
Jewellery
 t - a +3 ring of evasion
 v - a +3 ring of intelligence
Scrolls
 p - 3 scrolls of remove curse
 q - 5 scrolls of amnesia
 r - a scroll of summoning
 s - 2 scrolls of vulnerability
Potions
 e - 5 potions of curing
 f - 8 potions of heal wounds
 g - 3 potions of haste
 h - 4 potions of magic
 i - 2 potions of berserk rage
 m - 2 potions of invisibility
 u - a potion of agility
 w - a potion of brilliance
Books
 c - a book of Changes

   Spells                             Type                      Level
   a - Beastly Appendage              Transmutation                1
   b - Sticks to Snakes               Transmutation                2
   c - Spider Form                    Transmutation/Poison         3
   d - Ice Form                       Ice/Transmutation            4
   e - Blade Hands                    Transmutation                5
Comestibles
 d - 7 bread rations
 k - 39 fruits
 l - 7 meat rations


   Skills:
 + Level 7.2 Fighting
 * Level 2.9 Armour
 + Level 11.9 Dodging
 + Level 5.0 Stealth
 + Level 10.8 Unarmed Combat
 + Level 7.3 Spellcasting
 + Level 8.7 Transmutations
 - Level 6.0 Ice Magic
 - Level 4.6 Poison Magic
 - Level 1.1 Evocations


You had 7 spell levels left.
You knew the following spells:

 Your Spells              Type           Power        Failure   Level  Hunger
a - Beastly Appendage     Trmt           ####..       14%         1    None
b - Sticks to Snakes      Trmt           ####......   17%         2    None
c - Spider Form           Trmt/Pois      ###.......   41%         3    ##.....
d - Blade Hands           Trmt           ####......   71%         5    #####..
e - Ice Form              Ice/Trmt       ####....     58%         4    ####...


Dungeon Overview and Level Annotations

Branches:
Dungeon (1/1)

Altars:
Ashenzari
Cheibriados
Dithmenos
Elyvilon
Fedhas
Kikubaaqudgha
Makhleb
Nemelex Xobeh
Okawaru
Ru
Sif Muna
Trog
Vehumet
Xom
Yredelemnul
Zin
The Shining One
Beogh
Jiyva
Lugonu


Message History

Your +0 pair of gloves unmelds from your body.
Casting: Blade Hands
Confirm with . or Enter, or press ? or * to list all spells.
Your hands turn into razor-sharp scythe blades.
Your uncursed staff of energy melds into your body.
Your +0 pair of gloves melds into your body.
The minotaur hits you with a dire flail of venom!
You are poisoned.
The minotaur gores you!
You hit the minotaur.
The minotaur is heavily wounded.
You feel sick.
You hit the minotaur.
The minotaur is heavily wounded.
The minotaur completely misses you. The minotaur barely misses you.
You hit the minotaur.
The minotaur is heavily wounded.
You feel sick.
The minotaur hits you with a dire flail of venom!!
You die...

#)))'.'..##.....
#)))#.#..##.....
#######'#####.§§..
#.)..H..§§§§§§....
#'#####)#####.....
#.#.....#[[##.....
#.#.....#))#####'#
#H###'###))##.....
#@#.....#))##.....
#.#.....#..##.....
#.####÷##'###...<.
#.#........##.....
#.#........##.....
#'###########.....
#..#.#.##..#######
#.......#.########
##.#.#.##.#....#..


You could see a minotaur.

Vanquished Creatures
  A hornet (D)
  An orange demon (D)
  A kobold demonologist (D)
  A wraith (D)
  A shadow (D)
  A fire bat (D)
  A wolf (D)
  Duvessa (D)
  A small abomination (D)
  2 quasits (D)
  An iguana (D)
  A gnoll shaman (D)
  2 sheep (D)
  4 gnolls (D)
  2 river rats (D)
  A white imp (D)
  2 oozes (D)
  2 bats (D)
  A giant cockroach (D)
  5 jackals (D)
  2 quokkas (D)
  A giant newt (D)
  A quokka skeleton (D)
  A quokka zombie (D)
37 creatures vanquished.

Vanquished Creatures (collateral kills)
  A rat (D)
1 creature vanquished.

Grand Total: 38 creatures vanquished

Notes
Turn   | Place    | Note
--------------------------------------------------------------
     0 | D        | pipel the Merfolk Transmuter began the quest for the Orb.
     0 | D        | Reached XP level 1. HP: 15/15 MP: 3/3
    36 | D        | Found a sacrificial altar of Ru.
    36 | D        | Found a basalt altar of Yredelemnul.
    36 | D        | Found a shadowy altar of Dithmenos.
    36 | D        | Found a deep blue altar of Sif Muna.
    36 | D        | Found a burning altar of Makhleb.
    36 | D        | Found a shimmering altar of Xom.
    36 | D        | Found an ancient bone altar of Kikubaaqudgha.
    36 | D        | Found a sparkling altar of Nemelex Xobeh.
    37 | D        | Found a glowing golden altar of the Shining One.
    37 | D        | Found a bloodstained altar of Trog.
    37 | D        | Found a shattered altar of Ashenzari.
    37 | D        | Found a white marble altar of Elyvilon.
    37 | D        | Found a snail-covered altar of Cheibriados.
    37 | D        | Found a blossoming altar of Fedhas.
    37 | D        | Found a radiant altar of Vehumet.
    37 | D        | Found a glowing silver altar of Zin.
    37 | D        | Found a corrupted altar of Lugonu.
    37 | D        | Found a viscous altar of Jiyva.
    37 | D        | Found a roughly hewn altar of Beogh.
    37 | D        | Found an iron altar of Okawaru.
    40 | D        | Became a worshipper of Sif Muna the Loreminder
    55 | D        | Reached skill level 4 in Unarmed Combat
    55 | D        | Reached XP level 2. HP: 18/21 MP: 3/5
   122 | D        | Learned a level 2 spell: Sticks to Snakes
   258 | D        | Reached skill level 5 in Unarmed Combat
   261 | D        | Reached XP level 3. HP: 6/26 MP: 1/7
   543 | D        | Learned a level 3 spell: Spider Form
   554 | D        | Noticed a gnoll shaman
   555 | D        | Noticed a wolf
   570 | D        | Reached skill level 6 in Unarmed Combat
   596 | D        | Killed a wolf
   596 | D        | Acquired Sif Muna's first power
   596 | D        | Reached skill level 1 in Stealth
   596 | D        | Reached skill level 7 in Unarmed Combat
   596 | D        | Reached XP level 4. HP: 6/34 MP: 4/10
   596 | D        | Reached XP level 5. HP: 7/40 MP: 4/12
   679 | D        | Killed a gnoll shaman
   679 | D        | Acquired Sif Muna's second power
   679 | D        | Reached skill level 8 in Unarmed Combat
   685 | D        | Reached skill level 5 in Spellcasting
   847 | D        | Reached XP level 6. HP: 41/47 MP: 9/13
   850 | D        | Noticed an iguana
   855 | D        | Killed an iguana
   876 | D        | Learned a level 5 spell: Blade Hands
   881 | D        | Learned a level 4 spell: Ice Form
   937 | D        | Noticed Duvessa
   944 | D        | Killed Duvessa
   945 | D        | Noticed a wraith
   956 | D        | Killed a wraith
   956 | D        | Reached skill level 5 in Fighting
   956 | D        | Reached skill level 9 in Unarmed Combat
   956 | D        | Reached skill level 1 in Evocations
   956 | D        | Reached XP level 7. HP: 45/56 MP: 12/16
   958 | D        | Noticed a quasit
   958 | D        | Noticed a quasit
   958 | D        | Noticed a fire bat
   963 | D        | Killed a fire bat
   967 | D        | Killed a quasit
   976 | D        | Killed a quasit
  1133 | D        | Noticed a kobold demonologist
  1142 | D        | Killed a kobold demonologist
  1142 | D        | Acquired Sif Muna's third power
  1142 | D        | Reached skill level 10 in Dodging
  1142 | D        | Reached skill level 10 in Unarmed Combat
  1142 | D        | Reached skill level 5 in Ice Magic
  1142 | D        | Reached XP level 8. HP: 58/64 MP: 12/17
  1143 | D        | Noticed a shadow
  1148 | D        | Killed a shadow
  1265 | D        | Noticed an orange demon
  1265 | D        | Noticed a minotaur
  1289 | D        | Killed an orange demon
  1289 | D        | Reached skill level 1 in Armour
  1289 | D        | Reached skill level 11 in Dodging
  1289 | D        | Reached skill level 5 in Stealth
  1464 | D        | Noticed a small abomination
  1472 | D        | Killed a small abomination
  1474 | D        | Noticed a fire elemental
  1477 | D        | Noticed a hornet
  1478 | D        | Noticed a red devil
  1478 | D        | Noticed a hellwing
  1517 | D        | Killed a hornet
  1517 | D        | Reached XP level 9. HP: 15/72 MP: 17/20
  1833 | D        | Slain by a minotaur

Vault maps used:
D:        pitsprint

Action                   |  1- 3 |  4- 6 |  7- 9 || total
-------------------------+-------+-------+-------++-------
Melee: Unarmed           |    41 |    40 |    67 ||   148
Throw: Stone             |     1 |       |       ||     1
 Cast: Beastly Appendage |     4 |       |       ||     4
       Sticks to Snakes  |     1 |       |       ||     1
       Spider Form       |     2 |     3 |     3 ||     8
       Blade Hands       |       |       |     5 ||     5
       Ice Form          |       |       |     1 ||     1
Evoke: Staff of energy   |     2 |       |       ||     2
  Use: Potion            |     1 |     1 |     4 ||     6
       Scroll            |       |       |     1 ||     1
 Stab: Distracted        |       |     1 |       ||     1
       Sleeping          |       |     2 |       ||     2
  Eat: Chunk             |       |     1 |     2 ||     3
       Fruit             |       |       |     1 ||     1
       Bread ration      |       |       |     1 ||     1
